TOP OF THE 1ST |
Peoria Chiefs batting - Pitching for Binghamton Mets : RHP Francis Cornick
|
Pitching: RHP Francis Cornick
|
|
Batting: RHB Fortunato Fteira
|
0-0: Ball 1-0: Foul Ball, location: 2F 1-1: Ball 2-1: Ball 3-1: Called Strike 3-2: Ground out 6-3 (Groundball, 56, EV 91.9 MPH)
|
Batting: RHB Jose Jimenez
|
0-0: Ball 1-0: Called Strike 1-1: Ball 2-1: Called Strike 2-2: Fly out, F8 (Flyball, 8RXD, EV 95.6 MPH)
|
Batting: RHB Joe Alley
|
0-0: Ball 1-0: Ball 2-0: Ball 3-0: Called Strike 3-1: Fly out, F7 (Line Drive, 7, EV 85.6 MPH)
|
Top of the 1st over - 0 runs, 0 hits, 0 errors, 0 left on base; Peoria 0 - Binghamton 0 |
BOTTOM OF THE 1ST |
Binghamton Mets batting - Pitching for Peoria Chiefs : LHP Brian Rhyne
|
Pitching: LHP Brian Rhyne
|
|
Batting: RHB Oscar Bravo
|
0-0: Ball 1-0: Ground out 4-3 (Groundball, 4, EV 102.5 MPH)
|
Batting: RHB Jack Nickleberry
|
0-0: Ground out 6-3 (Groundball, 6, EV 100.6 MPH)
|
Batting: RHB Jose Lara
|
0-0: Ball 1-0: Ball 2-0: SINGLE (Line Drive, 9S, EV 99.4 MPH)
|
Batting: SHB Masatoshi Akahoshi
|
0-0: Ball 1-0: SINGLE (Groundball, 4MD, EV 107.5 MPH) Jose Lara to second Runner from 2nd tries for 3rd, OUT after rundown.
|
Bottom of the 1st over - 0 runs, 2 hits, 0 errors, 1 left on base; Peoria 0 - Binghamton 0 |
TOP OF THE 2ND |
Peoria Chiefs batting - Pitching for Binghamton Mets : RHP Francis Cornick
|
Batting: RHB John Peterson
|
0-0: Ball 1-0: Foul Ball, location: 2F 1-1: Ball 2-1: Swinging Strike 2-2: Ball 3-2: DOUBLE (Line Drive, 78XD, EV 107.5 MPH)
|
Batting: SHB Bobby O'Leary
|
0-0: Ball 1-0: Ball 2-0: Foul Ball, location: 2F 2-1: Ball 3-1: Base on Balls
|
Batting: RHB Pat Scaturro
|
0-0: Foul Ball, location: 2F 0-1: Ball 1-1: Called Strike 1-2: Ball 2-2: Ball 3-2: Foul Ball, location: 2F 3-2: Fly out, F8 (Flyball, 8LD, EV 98.8 MPH)
|
Batting: RHB Chris Norris
|
0-0: Ball 1-0: Ball 2-0: Called Strike 2-1: SINGLE (Line Drive, 9S, EV 100.6 MPH) John Peterson to third Bobby O'Leary to second
|
Batting: SHB Hank Arias
|
0-0: Fly out, F9 (Flyball, 9LM, EV 103.1 MPH) Runner from 3rd tags up, SCORES, no throw by RF
|
Batting: RHB Richard Riggs
|
0-0: Called Strike 0-1: Foul Ball, location: 2F 0-2: Ground out 4-3 (Groundball, 4, EV 81.2 MPH)
|
Top of the 2nd over - 1 run, 2 hits, 0 errors, 2 left on base; Peoria 1 - Binghamton 0 |
BOTTOM OF THE 2ND |
Binghamton Mets batting - Pitching for Peoria Chiefs : LHP Brian Rhyne
|
Batting: RHB Chris Artz
|
0-0: Ball 1-0: Called Strike 1-1: Called Strike 1-2: Fly out, F3 (Popup, 3F, EV 79.4 MPH)
|
Batting: SHB Alex Cavazos
|
0-0: Called Strike 0-1: Swinging Strike 0-2: Foul Ball, location: 2F 0-2: Ball 1-2: Ground out 4-3 (Groundball, 4, EV 108.1 MPH)
|
Batting: SHB Jerry Burrows
|
0-0: Foul Ball, location: 2F 0-1: Ball 1-1: Swinging Strike 1-2: Foul Ball, location: 2F 1-2: Foul Ball, location: 2F 1-2: Ball 2-2: Foul Ball, location: 2F 2-2: Strikes out swinging
|
Bottom of the 2nd over - 0 runs, 0 hits, 0 errors, 0 left on base; Peoria 1 - Binghamton 0 |
TOP OF THE 3RD |
Peoria Chiefs batting - Pitching for Binghamton Mets : RHP Francis Cornick
|
Batting: RHB Fortunato Fteira
|
0-0: Foul Ball, location: 2F 0-1: Ball 1-1: Ground out 6-3 (Groundball, 6M, EV 108.8 MPH)
|
Batting: RHB Jose Jimenez
|
0-0: Ball 1-0: Ball 2-0: Ground out 6-3 (Groundball, 6, EV 89.4 MPH)
|
Batting: RHB Joe Alley
|
0-0: Ball 1-0: Called Strike 1-1: SINGLE (Groundball, 6S, EV 65.0 MPH) (infield hit)
|
Batting: RHB John Peterson
|
0-0: Ground out U3 (Groundball, 3, EV 87.5 MPH)
|
Top of the 3rd over - 0 runs, 1 hit, 0 errors, 1 left on base; Peoria 1 - Binghamton 0 |
BOTTOM OF THE 3RD |
Binghamton Mets batting - Pitching for Peoria Chiefs : LHP Brian Rhyne
|
Batting: SHB Keith Casner
|
0-0: Swinging Strike 0-1: Ball 1-1: Ball 2-1: Called Strike 2-2: SINGLE (Groundball, 6D, EV 109.4 MPH)
|
Batting: RHB Jim Freels
|
0-0: Called Strike 0-1: Ball 1-1: Swinging Strike 1-2: Ball 2-2: Foul Ball, location: 2F 2-2: Foul Ball, location: 2F 2-2: Foul Ball, location: 2F 2-2: Strikes out swinging
|
Batting: RHB Oscar Bravo
|
0-0: Called Strike 0-1: Ball 1-1: Grounds into double play, 4-6-3 (Groundball, 4, EV 83.8 MPH)
|
Bottom of the 3rd over - 0 runs, 1 hit, 0 errors, 0 left on base; Peoria 1 - Binghamton 0 |
TOP OF THE 4TH |
Peoria Chiefs batting - Pitching for Binghamton Mets : RHP Francis Cornick
|
Batting: SHB Bobby O'Leary
|
0-0: SINGLE (Groundball, 34D, EV 100.6 MPH)
|
Batting: RHB Pat Scaturro
|
0-0: Ball 1-0: Ball 2-0: Foul Ball, location: 2F 2-1: Foul Ball, location: 2F 2-2: Ball Bobby O'Leary steals 2nd base 3-2: SINGLE (Groundball, 6M, EV 97.5 MPH) Bobby O'Leary to third Runner from 3rd tries for Home, SAFE, throw by CF to home
|
Batting: RHB Chris Norris
|
0-0: Ball 1-0: SINGLE (Groundball, 34D, EV 107.5 MPH) Pat Scaturro to second Runner from 2nd tries for 3rd, SAFE, throw by RF made to third
|
Batting: SHB Hank Arias
|
0-0: Ball 1-0: Ball 2-0: Foul Ball, location: 2F 2-1: Ball 3-1: Foul Ball, location: 2F 3-2: Foul Ball, location: 2F 3-2: Foul Ball, location: 2F 3-2: Foul Ball, location: 2F 3-2: Foul Ball, location: 2F 3-2: Foul Ball, location: 2F 3-2: Base on Balls Chris Norris to second
|
Batting: RHB Richard Riggs
|
0-0: Called Strike 0-1: Called Strike 0-2: Ball 1-2: Ball 2-2: Fly out, F7 (Flyball, 78D, EV 96.2 MPH) Runner from 3rd tags up, SCORES, throw by LF
|
Batting: RHB Fortunato Fteira
|
0-0: SINGLE (Line Drive, 4MD, EV 101.9 MPH) Chris Norris to third Hank Arias to second
|
Batting: RHB Jose Jimenez
|
0-0: Called Strike 0-1: Ball 1-1: Foul Ball, location: 2F 1-2: Foul Ball, location: 2F 1-2: Foul Ball, location: 2F 1-2: Grounds into double play, U5-3 (Groundball, 5L, EV 83.1 MPH)
|
Top of the 4th over - 2 runs, 4 hits, 0 errors, 2 left on base; Peoria 3 - Binghamton 0 |
BOTTOM OF THE 4TH |
Binghamton Mets batting - Pitching for Peoria Chiefs : LHP Brian Rhyne
|
Batting: RHB Jack Nickleberry
|
0-0: Swinging Strike 0-1: Reached on error, E6 (Groundball, 6, EV 87.5 MPH)
|
Batting: RHB Jose Lara
|
0-0: Ball 1-0: Ball 2-0: Called Strike 2-1: Fly out, F2 (Popup, 25F, EV 79.4 MPH)
|
Batting: SHB Masatoshi Akahoshi
|
0-0: Called Strike 0-1: Ground out 4-3 (Groundball, 4, EV 107.5 MPH) Jack Nickleberry to third
|
Batting: RHB Chris Artz
|
0-0: Ball 1-0: Called Strike 1-1: Ball 2-1: Fly out, F8 (Flyball, 8RM, EV 87.5 MPH)
|
Bottom of the 4th over - 0 runs, 0 hits, 1 error, 1 left on base; Peoria 3 - Binghamton 0 |
TOP OF THE 5TH |
Peoria Chiefs batting - Pitching for Binghamton Mets : RHP Francis Cornick
|
Batting: RHB Joe Alley
|
0-0: Called Strike 0-1: Ball 1-1: Swinging Strike 1-2: Ball 2-2: Foul Ball, location: 2F 2-2: Ball 3-2: Foul Ball, location: 2F 3-2: Strikes out swinging
|
Batting: RHB John Peterson
|
0-0: Ball 1-0: Foul Ball, location: 2F 1-1: TRIPLE (Line Drive, 89XD, EV 106.9 MPH)
|
Batting: SHB Bobby O'Leary
|
0-0: Fly out, F8 (Flyball, 78D, EV 99.4 MPH) Runner from 3rd tags up, OUT at HOME! 8-2
|
Top of the 5th over - 0 runs, 1 hit, 0 errors, 0 left on base; Peoria 3 - Binghamton 0 |
BOTTOM OF THE 5TH |
Binghamton Mets batting - Pitching for Peoria Chiefs : LHP Brian Rhyne
|
Batting: SHB Alex Cavazos
|
0-0: Ball 1-0: Ball 2-0: Ball 3-0: Called Strike 3-1: Called Strike 3-2: Strikes out swinging
|
Batting: SHB Jerry Burrows
|
0-0: Called Strike 0-1: Ball 1-1: Ball 2-1: Ground out 4-3 (Groundball, 34, EV 88.1 MPH)
|
Batting: SHB Keith Casner
|
0-0: Called Strike 0-1: Ball 1-1: Swinging Strike 1-2: Strikes out swinging
|
Bottom of the 5th over - 0 runs, 0 hits, 0 errors, 0 left on base; Peoria 3 - Binghamton 0 |
TOP OF THE 6TH |
Peoria Chiefs batting - Pitching for Binghamton Mets : RHP Francis Cornick
|
Batting: RHB Pat Scaturro
|
0-0: Foul Ball, location: 2F 0-1: Swinging Strike 0-2: Ball 1-2: DOUBLE (Line Drive, 89D, EV 108.8 MPH)
|
Batting: RHB Chris Norris
|
0-0: Ball 1-0: Ball 2-0: Ball 3-0: Foul Ball, location: 2F 3-1: Foul Ball, location: 2F 3-2: DOUBLE (Line Drive, 7LS, EV 110.0 MPH) Pat Scaturro scores
|
Pitching: RHP Felipe Hinojosa
|
|
Batting: SHB Hank Arias
|
0-0: Called Strike 0-1: Fly out, F8 (Flyball, 8LM, EV 79.4 MPH)
|
Batting: RHB Richard Riggs
|
0-0: Ball 1-0: Ball 2-0: Called Strike 2-1: Ground out 5-3 (Groundball, 5, EV 88.1 MPH)
|
Batting: RHB Fortunato Fteira
|
0-0: Foul Ball, location: 2F 0-1: Ball Wild Pitch! Chris Norris to third 1-1: Swinging Strike 1-2: Ball 2-2: Foul Ball, location: 2F 2-2: Foul Ball, location: 2F 2-2: Ball 3-2: Base on Balls
|
Batting: RHB Jose Jimenez
|
0-0: Called Strike 0-1: Ball 1-1: Foul Ball, location: 2F 1-2: 3-RUN HOME RUN (Flyball, 7D, EV 95.6 MPH), Distance : 359 ft
|
Batting: RHB Joe Alley
|
0-0: Called Strike 0-1: Called Strike 0-2: Foul Ball, location: 2F 0-2: Ball 1-2: Ground out 5-3 (Groundball, 5, EV 86.2 MPH)
|
Top of the 6th over - 4 runs, 3 hits, 0 errors, 0 left on base; Peoria 7 - Binghamton 0 |
BOTTOM OF THE 6TH |
Binghamton Mets batting - Pitching for Peoria Chiefs : LHP Brian Rhyne
|
Batting: RHB Jim Freels
|
0-0: Ball 1-0: Foul Ball, location: 2F 1-1: Foul Ball, location: 2F 1-2: Strikes out swinging
|
Batting: RHB Oscar Bravo
|
0-0: Foul Ball, location: 2F 0-1: Ball 1-1: Foul Ball, location: 2F 1-2: Fly out, F7 (Flyball, 7LSF, EV 91.9 MPH)
|
Batting: RHB Jack Nickleberry
|
0-0: Reached on error, E3 (Groundball, 34, EV 80.6 MPH)
|
Batting: RHB Jose Lara
|
0-0: Swinging Strike 0-1: Fly out, F9 (Line Drive, 9, EV 88.8 MPH)
|
Bottom of the 6th over - 0 runs, 0 hits, 1 error, 1 left on base; Peoria 7 - Binghamton 0 |
TOP OF THE 7TH |
Peoria Chiefs batting - Pitching for Binghamton Mets : RHP Felipe Hinojosa
|
Batting: RHB John Peterson
|
0-0: Ball 1-0: Fly out, F5 (Popup, 25F, EV 83.8 MPH)
|
Batting: SHB Bobby O'Leary
|
0-0: Foul Ball, location: 2F 0-1: Ball 1-1: Ball 2-1: Called Strike 2-2: Ball 3-2: Ground out 4-3 (Groundball, 4, EV 83.8 MPH)
|
Batting: RHB Pat Scaturro
|
0-0: Ball 1-0: Ball 2-0: Foul Ball, location: 2F 2-1: Fly out, F7 (Line Drive, 78M, EV 96.2 MPH)
|
Top of the 7th over - 0 runs, 0 hits, 0 errors, 0 left on base; Peoria 7 - Binghamton 0 |
BOTTOM OF THE 7TH |
Binghamton Mets batting - Pitching for Peoria Chiefs : LHP Brian Rhyne
|
Batting: SHB Masatoshi Akahoshi
|
0-0: Ground out 3-1 (Groundball, 34, EV 108.1 MPH)
|
Pinch Hitting: RHB Michael Youngberry
|
0-0: Called Strike 0-1: Swinging Strike 0-2: Strikes out swinging
|
Batting: SHB Alex Cavazos
|
0-0: SINGLE (Groundball, 4S, EV 95.6 MPH)
|
Pinch Hitting: RHB Brian Bonin
|
0-0: Swinging Strike 0-1: Called Strike 0-2: Strikes out swinging
|
Bottom of the 7th over - 0 runs, 1 hit, 0 errors, 1 left on base; Peoria 7 - Binghamton 0 |
TOP OF THE 8TH |
Peoria Chiefs batting - Pitching for Binghamton Mets : RHP Felipe Hinojosa
|
Now at 1B: Brian Bonin
|
|
Now in LF: Michael Youngberry
|
|
Now in RF: Alex Cavazos
|
|
Batting: RHB Chris Norris
|
0-0: Ball 1-0: Called Strike 1-1: Swinging Strike 1-2: Strikes out swinging
|
Batting: SHB Hank Arias
|
0-0: Ball 1-0: Called Strike 1-1: Called Strike 1-2: Ball 2-2: Reached via error on a dropped throw from 3B, E3 (Groundball, 5, EV 90.0 MPH)
|
Batting: RHB Richard Riggs
|
0-0: Called Strike Hank Arias steals 2nd base 0-1: Ball 1-1: Ground out 5-3 (Groundball, 56S, EV 83.8 MPH)
|
Batting: RHB Fortunato Fteira
|
0-0: Ball 1-0: Ball 2-0: Foul Ball, location: 2F 2-1: Swinging Strike 2-2: Ball 3-2: Foul Ball, location: 2F 3-2: Base on Balls
|
Batting: RHB Jose Jimenez
|
0-0: DOUBLE (Flyball, 89XD, EV 97.5 MPH) Hank Arias scores Fortunato Fteira to third Runner from 3rd tries for Home, SAFE, throw by RF to home
|
Batting: RHB Joe Alley
|
0-0: Ball Wild Pitch! Jose Jimenez to third 1-0: Called Strike 1-1: Foul Ball, location: 2F 1-2: Strikes out swinging
|
Top of the 8th over - 2 runs, 1 hit, 1 error, 1 left on base; Peoria 9 - Binghamton 0 |
BOTTOM OF THE 8TH |
Binghamton Mets batting - Pitching for Peoria Chiefs : LHP Brian Rhyne
|
Pitching: LHP Gonnohyoe Hata
|
|
Batting: SHB Keith Casner
|
0-0: Swinging Strike 0-1: Swinging Strike 0-2: Strikes out looking
|
Batting: RHB Jim Freels
|
0-0: Ball 1-0: Foul Ball, location: 2F 1-1: Called Strike 1-2: SINGLE (Groundball, 6MD, EV 103.8 MPH)
|
Batting: RHB Oscar Bravo
|
0-0: Fly out, F7 (Flyball, 78S, EV 76.2 MPH)
|
Batting: RHB Jack Nickleberry
|
0-0: Ball 1-0: Foul Ball, location: 2F 1-1: Fielders Choice at 2nd, 5-4 (Groundball, 56, EV 100.6 MPH)
|
Bottom of the 8th over - 0 runs, 1 hit, 0 errors, 1 left on base; Peoria 9 - Binghamton 0 |
TOP OF THE 9TH |
Peoria Chiefs batting - Pitching for Binghamton Mets : RHP Felipe Hinojosa
|
Batting: RHB John Peterson
|
0-0: Ball 1-0: Ball 2-0: Called Strike 2-1: Ball 3-1: Called Strike 3-2: Base on Balls
|
Pitching: RHP Jean-Pierre Carpentier
|
|
Batting: SHB Bobby O'Leary
|
0-0: Ball 1-0: Ball 2-0: Called Strike 2-1: Fielders Choice at 2nd, 4-6 (Groundball, 4, EV 85.6 MPH)
|
Batting: RHB Pat Scaturro
|
0-0: Ball 1-0: Foul Ball, location: 2F 1-1: Foul Ball, location: 2F 1-2: Ball 2-2: SINGLE (Groundball, 5S, EV 71.2 MPH) (infield hit) Bobby O'Leary to second
|
Batting: RHB Chris Norris
|
0-0: Ball 1-0: Called Strike 1-1: Ball 2-1: Ball Wild Pitch! Bobby O'Leary to third Pat Scaturro to second 3-1: Foul Ball, location: 2F 3-2: Strikes out swinging
|
Batting: SHB Hank Arias
|
0-0: Called Strike 0-1: Called Strike 0-2: Reached on error, E6 (Groundball, 6S, EV 85.0 MPH) Bobby O'Leary scores Pat Scaturro to third
|
Batting: RHB Richard Riggs
|
0-0: Called Strike 0-1: Called Strike 0-2: Ball 1-2: Strikes out swinging
|
Top of the 9th over - 1 run, 1 hit, 1 error, 2 left on base; Peoria 10 - Binghamton 0 |
BOTTOM OF THE 9TH |
Binghamton Mets batting - Pitching for Peoria Chiefs : LHP Gonnohyoe Hata
|
Batting: RHB Jose Lara
|
0-0: Swinging Strike 0-1: Called Strike 0-2: Ball 1-2: Reached on error, E4 (Groundball, 4, EV 91.9 MPH)
|
Batting: SHB Masatoshi Akahoshi
|
0-0: Swinging Strike 0-1: Foul Ball, location: 2F 0-2: Ball 1-2: Ball 2-2: Strikes out swinging
|
Batting: RHB Michael Youngberry
|
0-0: Called Strike 0-1: SINGLE (Groundball, 4MD, EV 96.9 MPH) Jose Lara to second
|
Batting: SHB Alex Cavazos
|
0-0: Grounds out, U3 (Groundball, 3L, EV 86.2 MPH) Jose Lara to third
|
Batting: RHB Brian Bonin
|
0-0: Called Strike 0-1: Ball 1-1: Reached on error, E4 (Groundball, 4, EV 80.6 MPH) Jose Lara scores Michael Youngberry scores
|
Batting: SHB Keith Casner
|
0-0: Ground out 5-3 (Groundball, 56, EV 85.6 MPH)
|
Bottom of the 9th over - 2 runs, 1 hit, 2 errors, 1 left on base; Peoria 10 - Binghamton 2 |
|